 Dungeon Crawl Stone Soup version 0.28.0-45-g0d030f2227 (webtiles) character file.

Game seed: 16633173893580970167

3286 MisterFreud the Carver (level 7, 0/62 (65) HPs)
             Began as a Palentonga Fighter on Apr 25, 2022.
             Was an Elder of Ru.
             Slain by a vampire mosquito (7 damage)
             ... on level 7 of the Dungeon.
             The game lasted 00:13:30 (9317 turns).

MisterFreud the Carver (Palentonga Fighter)         Turns: 9317, Time: 00:13:31

HP:   0/62 (65)     AC: 16    Str: 20    XL:     7   Next: 69%
MP:   7/7           EV:  9    Int:  9    God:    Ru [****..]
Gold: 217           SH:  5    Dex: 11    Spells: 6/6 levels left

rFire   . . .      SeeInvis +   a - +1 long sword
rCold   + . .      Faith    +   c - +1 buckler
rNeg    . . .      Spirit   .   v - +0 steam dragon scales
rPois   +          Reflect  .   q - +1 hat
rElec   .          Harm     .   (no cloak)
rCorr   .          Rampage  .   g - +0 pair of gloves
Will    .....                   (no barding)
Stlth   ..........              s - amulet of faith
HPRegen 0.20/turn               n - ring of protection from cold
MPRegen 0.10/turn               e - ring of poison resistance

@: exhausted, lightly drained, curled up
A: large, rugged brown scales 3, see invisible, deformed body, no stealth, hated
by all, inexperienced 1, roll 1, armoured tail, reflexive curl
a: Rolling Charge, Renounce Religion, Draw Out Power, Power Leap


You were on level 7 of the Dungeon.
You worshipped Ru.
Ru was greatly pleased with you.
You visited 1 branch of the dungeon, and saw 8 of its levels.

You collected 337 gold pieces.
You spent 120 gold pieces at shops.

Inventory:

Hand Weapons
 a - a +1 long sword (weapon)
Missiles
 l - 19 poisoned darts
Armour
 c - a +1 buckler (worn)
 g - a +0 pair of gloves (worn)
 q - a +1 hat (worn)
 v - +0 steam dragon scales (worn)
 x - +0 acid dragon scales
Jewellery
 e - a ring of poison resistance (right hand)
 n - a ring of protection from cold (left hand)
 p - a ring of protection from fire
 r - the amulet of the Yeti {RegenMP Rampage Regen+ Int+2}
   (You acquired it on level 7 of the Dungeon)

   [amulet of magic regeneration]

   It increases your rate of magic regeneration.
   Int:       It affects your intelligence (+2).
   Regen:     It increases your rate of health regeneration.
   Rampage:   It bestows one free step when moving towards enemies.
 s - an amulet of faith (around neck)
Wands
 m - a wand of acid (20)
Scrolls
 b - a scroll of enchant weapon
 i - 2 scrolls of immolation
 j - 2 scrolls of enchant armour
 o - 2 scrolls of fear
 w - a scroll of acquirement
 z - a scroll of blinking
Potions
 d - a potion of might
 f - a potion of flight
 h - 3 potions of curing
 k - a potion of attraction
 t - a potion of magic
 A - 2 potions of heal wounds


   Skills:
 + Level 7.6 Fighting
 + Level 9.3 Long Blades
 - Level 6.0 Armour
 - Level 4.0 Shields
 + Level 0.7 Evocations


You had 6 spell levels left.
You didn't know any spells.
Your spell library contained the following spells:

 Spells                   Type           Power      Damage    Failure   Level
 Ensorcelled Hibernation  Hex/Ice        0%         N/A       58%         2
 Passwall                 Tmut/Erth      0%         N/A       58%         2
 Gell's Gravitas          Tloc           0%         N/A       83%         3
 Lesser Beckoning         Tloc           0%         N/A       83%         3
 Swiftness                Air            0%         N/A       83%         3
 Teleport Other           Tloc           0%         N/A       83%         3
 Hailstorm                Conj/Ice       0%         3d3       99%         4
 Ice Form                 Ice/Tmut       0%         N/A       99%         4
 Borgnjor's Revivificati  Necr           0%         N/A       100%        8
 Necromutation            Tmut/Necr      0%         N/A       100%        8
 Death's Door             Necr           0%         N/A       100%        9
 Simulacrum               Ice/Necr       Unusable   N/A       N/A         6

Dungeon Overview and Level Annotations

Branches:
Dungeon (8/15)             Temple (0/1) D:7            Lair (0/6) D:8

Altars:
Dithmenos
Gozag
Ru

Shops:
D:4 (   D:7 *

Annotations:
D:3 Terence
D:6 3 exclusions


Innate Abilities, Weirdness & Mutations

You are completely covered in rugged brown scales. (AC +3, +7% HP)
You have supernaturally acute eyesight. (SInv)
Armour fits poorly on your strangely shaped body.
You cannot be stealthy.
You are hated by all.
You are somewhat inexperienced. (-2 XL)
You can roll at nearby foes to attack.
You have a long armoured tail.
You curl defensively after being hit. (AC +7*)


Message History

* * * LOW HITPOINT WARNING * * *
The vampire mosquito draws strength from your injuries!
You focus your inner power and blind the vampire mosquito in retribution!
You closely miss the vampire mosquito.
The vampire mosquito is heavily damaged.
The vampire mosquito barely misses you. x2; The vampire mosquito bites you.
* * * LOW HITPOINT WARNING * * *
The vampire mosquito draws strength from your injuries!
Unknown command.
Unknown command.
You are restored by drawing out deep reserves of power within.
You feel drained.
The vampire mosquito is no longer blind.
The vampire mosquito barely misses you.
The vampire mosquito is stunned by your conviction and fails to attack.
You block the vampire mosquito's attack.
You hit the vampire mosquito.
Your tail-slap misses the vampire mosquito.
The vampire mosquito is severely damaged.
You block the vampire mosquito's attack.
The vampire mosquito bites you.
The vampire mosquito draws strength from your injuries!
The vampire mosquito bites you but does no damage.
The vampire mosquito bites you.
The vampire mosquito draws strength from your injuries!
You hit the vampire mosquito.
The vampire mosquito is severely damaged.
The vampire mosquito bites you but does no damage.
The vampire mosquito is stunned by your conviction and fails to attack.
You block the vampire mosquito's attack.
The vampire mosquito bites you.
* * * LOW HITPOINT WARNING * * *
The vampire mosquito draws strength from your injuries!
You barely miss the vampire mosquito.
The vampire mosquito is severely damaged.
The vampire mosquito bites you!
* * * LOW HITPOINT WARNING * * *
The vampire mosquito draws strength from your injuries!
The vampire mosquito bites you!
You die...

................# #.......#
................######.......#
......[....)..........#####'##
......................#.....#
......................#.....#
................(.....#.....#
..∩........#####.y...?#.....#
...........#...##y###########
...........#....@y....#
...........#..........#
...........#..........#
...........######.....#
##########.†....#....## .....
#......#....##
......#......'.....#
......'......#.....#
......#......#.....#


You could see 3 vampire mosquitoes.

Vanquished Creatures
  Maggie (D:7)
  A wyvern (D:7)
  A steam dragon (D:7)
  A vampire mosquito (D:7)
  2 wargs (D:8)
  2 water moccasins
  An acid dragon (D:7)
  2 orc warriors (D:8)
  A hornet zombie (D:7)
  2 ice beasts (D:7)
  A black bear (D:7)
  3 ogres
  A necrophage (D:8)
  A centaur (D:7)
  2 bullfrogs
  A wyvern zombie (D:4)
  4 scorpions
  5 howler monkeys (D:8)
  A jelly (D:7)
  A hound (D:4)
  4 orc priests (D:8)
  A gnoll shaman (D:7)
  A bullfrog skeleton (D:4)
  An iguana (D:6)
  4 orc wizards (D:8)
  A scorpion zombie (D:5)
  4 gnolls
  An adder (D:5)
  3 shadow imps
  2 white imps (D:7)
  An ufetubus (D:4)
  3 worms
  A dart slug (D:4)
  16 orcs
  6 bats
  6 endoplasms
  6 hobgoblins
  3 jackals (D:2)
  5 ball pythons
  9 goblins
  4 kobolds
  A rat (D:1)
117 creatures vanquished.

Vanquished Creatures (others)
  A centaur zombie (D:5)
  A goblin (D:4)
2 creatures vanquished.

Grand Total: 119 creatures vanquished

Notes
Turn   | Place    | Note
-------+----------+-------------------------------------------
     0 | D:1      | MisterFreud the Palentonga Fighter began the quest for the
                  | Orb.
     0 | D:1      | Reached XP level 1. HP: 19/19 MP: 1/1
     6 | D:1      | Noticed a black mamba
     7 | D:1      | Noticed a wyvern
     7 | D:1      | Noticed a polar bear
   272 | D:1      | Found a faded altar of an unknown god.
   330 | D:1      | Prayed at the altar of an unknown god.
   330 | D:1      | Became a worshipper of Ru the Awakened
   343 | D:1      | Gained mutation: You are hated by all. [Ru sacrifice]
   343 | D:1      | Reached * piety under Ru
   343 | D:1      | Reached ** piety under Ru
   433 | D:1      | Reached XP level 2. HP: 25/25 MP: 2/2
  1299 | D:2      | Reached skill level 3 in Long Blades
  1299 | D:2      | Reached XP level 3. HP: 31/31 MP: 3/3
  1709 | D:3      | HP: 1/31 [poisoned by a goblin]
  2019 | D:3      | Noticed Terence
  2102 | D:4      | Found an opulent altar of Gozag.
  2901 | D:4      | Noticed a scorpion
  2919 | D:4      | Reached skill level 4 in Long Blades
  2919 | D:4      | Reached XP level 4. HP: 10/37 MP: 4/4
  2919 | D:4      | Killed a scorpion
  3214 | D:4      | Reached XP level 5. HP: 41/43 MP: 5/5
  3236 | D:4      | Reached skill level 5 in Long Blades
  3238 | D:4      | Noticed an ogre
  3248 | D:5      | Entered Level 5 of the Dungeon
  3468 | D:5      | Reached skill level 6 in Long Blades
  3568 | D:4      | Reached XP level 6. HP: 46/50 MP: 6/6
  3574 | D:4      | Found Yret's Antique Weapon Boutique.
  3668 | D:4      | Gained mutation: You cannot be stealthy. [Ru sacrifice]
  4026 | D:4      | Reached skill level 7 in Long Blades
  4379 | D:5      | Identified the +0 robe "Xolynism" {rF+}
  4448 | D:5      | Gained mutation: You curl defensively after being hit. (AC
                  | +7*) [Palentonga growth]
  4448 | D:5      | Reached XP level 7. HP: 55/55 MP: 7/7
  4771 | D:6      | Reached skill level 8 in Long Blades
  5867 | D:7      | Noticed Maggie
  5876 | D:7      | Killed Maggie
  5877 | D:7      | Reached skill level 5 in Fighting
  5877 | D:7      | Reached XP level 8. HP: 31/68 MP: 8/8
  6408 | D:6      | Gained mutation: You are somewhat inexperienced. (-2 XL)
                  | [Ru sacrifice]
  6408 | D:6      | Reached XP level 7. HP: 62/62 MP: 7/7
  6408 | D:6      | Reached XP level 6. HP: 55/55 MP: 6/6
  6408 | D:6      | Reached *** piety under Ru
  6408 | D:6      | Reached **** piety under Ru
  6804 | D:7      | Identified the +0 hand crossbow "Zeuteed" {freeze, rC++
                  | rCorr Dex+6}
  7039 | D:7      | Noticed a six-headed hydra
  7242 | D:8      | Reached skill level 5 in Armour
  7494 | D:8      | Reached XP level 7. HP: 48/62 MP: 7/7
  8061 | D:8      | Found a staircase to the Lair.
  8432 | D:7      | Found a shadowy altar of Dithmenos.
  8477 | D:7      | Found Eriroku's General Store.
  8941 | D:7      | Reached skill level 9 in Long Blades
  8982 | D:7      | Bought a scroll of blinking for 120 gold pieces
  9072 | D:7      | Found a staircase to the Ecumenical Temple.
  9227 | D:7      | Identified 2 scrolls of acquirement
  9227 | D:7      | Acquired the amulet of the Yeti {RegenMP Rampage Regen+
                  | Int+2}
  9317 | D:7      | Slain by a vampire mosquito

Illustrated notes

Levels and vault maps discovered:
D:1:      onia_arrival_zoo_common, layout_basic, nicolae_ecumenical_lake_church
D:2:      layout_rooms
D:3:      layout_loops_ring, minmay_tree_intersection,
          kennysheep_generic_room_16, uniq_terence
D:4:      layout_loops_ring, lemuel_crystal_altar, serial_shops,
          kennysheep_little_box
D:5:      layout_rooms
D:6:      layout_basic, kennysheep_boxes
D:7:      cheibrodos_fzero, layout_gridville, general_overflow_altar,
          temple_statues, serial_shops, shop, uniq_maggie
D:8:      layout_basic, erik_lair_orcish_takeover, minmay_bent

Skill      XL: |  1  2  3  4  5  6  7  8 |
---------------+-------------------------+-----
Long Blades    | 3 4 6 7 9 |  9.3
Fighting       | 7 6 |  7.6
Armour         | 5 6 3 |  6.0
Shields        | 4 3 |  4.0
Evocations     | |  0.7

Action                   |  1- 3 |  4- 6 |  7- 9 || total
-------------------------+-------+-------+-------++-------
Melee: Long sword        |   103 |   176 |   192 ||   471
       Tailslap          |     6 |    24 |    25 ||    55
Invok: Sacrifice Love    |     1 |       |       ||     1
       Sacrifice Stealth |       |     1 |       ||     1
       Sacrifice Experie |       |     1 |       ||     1
       Draw Out Power    |       |       |     1 ||     1
 Abil: Rolling Charge    |    30 |    14 |    15 ||    59
  Use: Potion            |     2 |     1 |     5 ||     8
       Scroll            |     1 |     9 |     9 ||    19
 Stab: Invisible         |       |       |     1 ||     1
Armor: Scale mail        |    68 |    15 |     5 ||    88
       Skin              |     1 |       |       ||     1
       Steam dragon scal |       |    36 |    51 ||    87
Dodge: Dodged            |    58 |    48 |    69 ||   175
Block: Buckler           |    30 |    27 |    55 ||   112
